 Dungeon Crawl Stone Soup version 0.29.1-2-gbd0b4ee654 (webtiles) character file.

Game seed: 16994581634637956412

1621 zeram the Cleaver (level 8, -10/67 (71) HPs)
             Began as a Hill Orc Fighter on Nov 21, 2022.
             Was an Initiate of Gozag.
             Mangled by a wight
             ... wielding a +2 dire flail
              (11 damage)
             ... on level 6 of the Dungeon.
             The game lasted 00:09:39 (7464 turns).

zeram the Cleaver (Hill Orc Fighter)                Turns: 7464, Time: 00:09:40

HP:   -10/67 (71)   AC:  9    Str: 25    XL:     8   Next: 96%
MP:   8/8           EV: 10    Int:  7    God:    Gozag
Gold: 902           SH:  4    Dex:  9    Spells: 7/7 levels left

rFire   . . .      SeeInvis .   r - +0 hand axe (freeze)
rCold   + . .      Faith    .   c - +0 buckler
rNeg    . . .      Spirit   .   b - +0 scale mail
rPois   .          Reflect  .   (no helmet)
rElec   .          Harm     .   (no cloak)
rCorr   .          Rampage  .   i - +0 pair of gloves
Will    .....                   (no boots)
Stlth   ..........              (no amulet)
HPRegen 0.21/turn               p - ring of protection from cold
MPRegen 0.11/turn               (no ring)

@: about to teleport, drained
A: strong 1, wild magic 1
a: Renounce Religion, Potion Petition, Call Merchant, Bribe Branch


You were on level 6 of the Dungeon.
You worshipped Gozag.
Gozag was pleased with you.
You visited 2 branches of the dungeon, and saw 7 of its levels.
You also visited: Ossuary.

You collected 936 gold pieces.
You paid 34 gold pieces to Gozag.

Inventory:

Hand Weapons
 a - a +0 war axe
 e - a +0 battleaxe
 r - a +0 hand axe of freezing (weapon)
Armour
 b - a +0 scale mail (worn)
 c - a +0 buckler (worn)
 i - a +0 pair of gloves (worn)
Jewellery
 p - a ring of protection from cold (left hand)
Wands
 f - a wand of mindburst (19)
 u - a wand of polymorph (10)
Scrolls
 j - 4 scrolls of teleportation
 o - a scroll of fog {unknown}
 q - 2 scrolls of summoning {unknown}
 v - 3 scrolls of identify
 w - a scroll of noise {unknown}
 y - a scroll of magic mapping {unknown}
Potions
 d - 2 potions of magic
 g - 2 potions of attraction
 h - a potion of degeneration {unknown}
 k - 2 potions of haste
 l - 4 potions of brilliance
 m - 8 potions of curing
 n - a potion of berserk rage {unknown}
 s - 2 potions of resistance {unknown}
 t - a potion of heal wounds
 x - a potion of ambrosia
 z - 2 potions of invisibility {unknown}


   Skills:
 + Level 6.4 Fighting
 + Level 9.8 Axes
 + Level 6.8 Armour
 + Level 2.2 Dodging
 + Level 4.8 Shields


You had 7 spell levels left.
You didn't know any spells.
Your spell library contained the following spells:

 Spells                   Type           Power      Damage    Failure   Level
 Call Canine Familiar     Summ           0%         N/A       99%         3
 Portal Projectile        Hex/Tloc       0%         N/A       99%         3
 Leda's Liquefaction      Hex/Erth       0%         N/A       100%        4


Dungeon Overview and Level Annotations

Branches:
Dungeon (6/15)             Temple (1/1) D:4         Ossuary (visited)

Altars:
Ashenzari
Cheibriados
Dithmenos
Fedhas
Gozag
Hepliaklqana
Kikubaaqudgha
Makhleb
Nemelex Xobeh
Okawaru
Qazlal
Ru
Sif Muna
Trog
Uskayaw
Vehumet
Wu Jian
Xom
Yredelemnul
Zin
The Shining One


Innate Abilities, Weirdness & Mutations

Your muscles are strong. (Str +4, Int/Dex -1)
Your spells are a little harder to cast, but a little more powerful.


Message History

You hit the gnoll. You freeze the gnoll. You barely miss the gnoll.
Unknown command.
You closely miss the wight.
The wight is severely damaged.
You barely miss the gnoll. x2; The wight completely misses you.
The wight barely misses you. The gnoll barely misses you.
The gnoll closely misses you.
Unknown command.
You closely miss the gnoll. You hit the gnoll but do no damage.
You hit the wight. You block the wight's attack.
The gnoll hits you with a +5 whip of holy wrath.
The wight hits you from afar with a +3 spear!
You feel drained. The gnoll barely misses you. The gnoll closely misses you.
Unknown command.
You slash the gnoll! You freeze the gnoll.
The gnoll is almost dead.
You closely miss the wight. x2; You closely miss the gnoll.
The wight barely misses you. You block the gnoll's attack.
A wight comes into view. It is wielding a +0 mace.
The wight hits you with a +2 dire flail!
You block the wight's attack. The gnoll hits you with a +0 flail.
The gnoll barely misses you.
As you read the scroll of teleportation, it crumbles to dust.
You feel strangely unstable. You block the wight's attack.
The gnoll hits you with a +5 whip of holy wrath.
The wight hits you with a +2 dire flail!
* * * LOW HITPOINT WARNING * * *
You feel drained.
* * * LOW HITPOINT WARNING * * *
The wight hits you but does no damage. The gnoll closely misses you.
The gnoll hits you from afar with a +0 spear.
* * * LOW HITPOINT WARNING * * *
The wight attacks as you move away!
The wight hits you with a +2 dire flail!
* * * LOW HITPOINT WARNING * * *
You block the gnoll's attack. The wight attacks as you move away!
The wight hits you with a +2 dire flail!
You die...
Your body crumbles into a pile of gold.

g. g.. ############
#####..o ##..........##
#......
#............###....
....(.........##..####...
...>..........#.g.z..z.#
...........>...ggz##
................@z.#
.................#......
#..............#.####...
##....<.....#.##.# ##
############....#
####..### #. ##(...## #.
####.(#.## ###. .#
##..()##.# #.. ##.#


You could see 3 wights and 3 gnolls.

Vanquished Creatures
  Prince Ribbit (D:6)
  Sigmund (D:2)
  A wraith (Ossuary)
  A black bear (D:5)
  A phantom (D:5)
  A kobold brigand (D:6)
  5 necrophages
  A scorpion (D:5)
  An orc priest (D:4)
  2 jellies
  2 hounds (D:5)
  An iguana (D:4)
  An orc wizard (D:2)
  A mummy (Ossuary)
  Robin (D:2)
  7 gnolls
  10 adders
  An ufetubus (D:5)
  A worm (D:2)
  A dart slug (D:3)
  12 orcs
  7 ball pythons
  8 bats
  3 endoplasms
  4 giant cockroaches
  18 goblins
  13 hobgoblins
  6 jackals
  14 kobolds
  3 quokkas
  4 frilled lizards
  6 gnoll skeletons (Ossuary)
  8 kobold skeletons (Ossuary)
  11 orc skeletons (Ossuary)
  8 rats
166 creatures vanquished.

Notes
Turn   | Place    | Note
-------+----------+-------------------------------------------
     0 | D:1      | zeram the Hill Orc Fighter began the quest for the Orb.
     0 | D:1      | Reached XP level 1. HP: 19/19 MP: 1/1
    72 | D:1      | Reached XP level 2. HP: 21/27 MP: 2/2
   163 | D:1      | Reached skill level 3 in Axes
   419 | D:1      | Reached XP level 3. HP: 27/33 MP: 3/3
   941 | D:2      | Noticed Sigmund
   963 | D:2      | Killed Sigmund
   964 | D:2      | Reached skill level 5 in Axes
   964 | D:2      | Reached XP level 4. HP: 16/40 MP: 4/4
   964 | D:2      | Reached XP level 5. HP: 18/46 MP: 5/5
  1236 | D:2      | Noticed Robin
  1262 | D:2      | Gained mutation: Your muscles are strong. (Str +4, Int/Dex
                  | -1) [potion of mutation]
  1262 | D:2      | Gained mutation: Your spells are a little harder to cast,
                  | but a little more powerful. [potion of mutation]
  1480 | D:2      | Reached XP level 6. HP: 42/53 MP: 6/6
  1551 | D:2      | You fall into a shaft and drop 2 floors!
  1657 | D:4      | Found a staircase to the Ecumenical Temple.
  1662 | D:4      | Reached skill level 6 in Axes
  1666 | Temple   | Entered the Ecumenical Temple
  1883 | Temple   | Became a worshipper of Gozag Ym Sagoz the Greedy
  3067 | D:3      | Found a bloodstained altar of Trog.
  3067 | D:3      | Found a blossoming altar of Fedhas.
  4040 | D:2      | Reached XP level 7. HP: 50/60 MP: 7/7
  4146 | D:2      | Killed Robin
  4147 | D:2      | Reached skill level 5 in Armour
  4647 | D:5      | Entered Level 5 of the Dungeon
  4698 | D:5      | Reached skill level 5 in Fighting
  4698 | D:5      | Reached skill level 1 in Dodging
  4718 | D:5      | Found a burning altar of Makhleb.
  4719 | D:5      | Found a sacrificial altar of Ru.
  4736 | D:5      | Reached skill level 7 in Axes
  5564 | D:5      | Reached skill level 8 in Axes
  5615 | D:5      | Reached XP level 8. HP: 68/69 MP: 8/8
  6069 | D:6      | Noticed Prince Ribbit
  6287 | D:6      | Killed Prince Ribbit
  6506 | D:6      | Reached skill level 9 in Axes
  6631 | D:6      | Found a sand-covered staircase.
  6635 | Ossuary  | Entered an ossuary
  6635 | Ossuary  | Noticed a wraith
  6635 | Ossuary  | Noticed a wraith
  6635 | Ossuary  | Noticed a wraith
  6963 | Ossuary  | Noticed a wraith
  7010 | Ossuary  | Killed a wraith
  7463 | D:6      | HP: 1/67 [wight/+2 dire flail (9)]
  7464 | D:6      | Mangled by a wight

Illustrated notes

Levels and vault maps discovered:
D:1:      minmay_arrival_three_doors, layout_loops_ring
D:2:      layout_basic, uniq_robin, uniq_sigmund
D:3:      layout_basic, gammafunk_temple_overflow_elements
D:4:      layout_loops_ring, minmay_temple_entry_proselytizer,
          kennysheep_generic_room_8
D:5:      layout_cave_pods, gammafunk_temple_overflow_pools
D:6:      layout_rooms, enter_ossuary_5, uniq_crazy_yiuf_cottage,
          uniq_prince_ribbit1
Temple:   bh_familiar_temple

Skill      XL: |  1  2  3  4  5  6  7  8 |
---------------+-------------------------+-----
Axes           | 3 5 6 8 9 |  9.8
Fighting       | 4 5 6 |  6.4
Armour         | 4 5 6 |  6.8
Shields        | 4 |  4.8
Dodging        | 1 2 |  2.2

Action                   |  1- 3 |  4- 6 |  7- 9 || total
-------------------------+-------+-------+-------++-------
Melee: War axe           |    68 |   171 |     9 ||   248
       Hand axe          |       |       |   283 ||   283
  Use: Scroll            |     3 |     5 |     7 ||    15
       Potion            |     1 |     4 |     5 ||    10
Armor: Scale mail        |    42 |   108 |   107 ||   257
Dodge: Dodged            |    37 |   121 |   131 ||   289
Block: Buckler           |    12 |    41 |    56 ||   109
